 Dungeon Crawl Stone Soup version 0.32-a0-791-gfc315c9ecd (webtiles) character file.

Game seed: 8820831654574096697

336 BigDaddyOpFi the Trooper (level 6, 0/72 HPs)
             Began as a Coglin Fighter on Mar 20, 2024.
             Slain by an ogre
             ... wielding a +0 giant club
              (5 damage)
             ... on level 4 of the Dungeon.
             The game lasted 00:03:40 (2397 turns).

BigDaddyOpFi the Trooper (Coglin Fighter)           Turns: 2397, Time: 00:03:41

Health: 0/72       AC: 23    Str: 18    XL:     6   Next: 54%
Magic:  6/6        EV:  2    Int:  7    God:
Gold:   145        SH:  0    Dex: 14    Spells: 5/5 levels left

rFire   . . .        a - +1 war axe {Yashnoor}
rCold   . . .        e - +0 hand axe {Miranda}
rNeg    . . .        f - melded +0 chain mail
rPois   +            j - melded +0 helmet
rElec   .            k - melded scarf {repulsion}
rCorr   .            (gloves currently unavailable)
SInv    .            (boots currently unavailable)
Will    .....        (no amulet)
Stlth   +            (no ring)
HPRegen 0.32/turn    (no ring)
MPRegen 0.10/turn    (no gizmo)

%: no passive effects
@: tree-form, revving
A: stationary, stasis, torment immunity, boosted hp, off-hand wielding, slow
wielding, warmup strikes, (no jewellery)
a: Invent Gizmo


You were on level 4 of the Dungeon.
You were a tree.
You visited 1 branch of the dungeon, and saw 4 of its levels.

You collected 145 gold pieces.

Inventory:

Hand Weapons
 a - a +1 war axe (weapon) {Yashnoor}
 e - a +0 hand axe (offhand) {Miranda}
Missiles
 m - 4 silver javelins (quivered)
 p - 2 poisoned darts
Armour
 c - a +0 buckler
 f - a +0 chain mail (melded)
 j - a +0 helmet (melded)
 k - a scarf of repulsion (melded)
Scrolls
 b - 2 scrolls of teleportation
 l - 4 scrolls of vulnerability
 o - a scroll of blinking
 q - a scroll of poison {unknown}
Potions
 d - 3 potions of might
 h - a potion of invisibility
 i - 2 potions of heal wounds {unknown}
 n - 2 potions of curing {unknown}


   Skills:
 + Level 4.2 Fighting
 + Level 3.5 Axes
 + Level 1.5 Throwing
 + Level 3.8 Armour
 + Level 1.6 Dodging
 - Level 2.6 Shields


You had 5 spell levels left.
You didn't know any spells.
Your spell library contained the following spells:

 Spells                   Type           Power      Damage    Failure   Level
 Magic Dart               Conj           0%         1d3       43%         1
 Searing Ray              Conj           0%         2d4       56%         2
 Dazzling Flash           Conj/Hex       0%         N/A       80%         3
 Mephitic Cloud           Conj/Alch/Air  0%         N/A       80%         3
 Fulminant Prism          Conj/Alch      0%         3d5       99%         4
 Curse of Agony           Necr           0%         N/A       100%        5
 Silence                  Hex/Air        0%         N/A       100%        5


Dungeon Overview and Level Annotations

Branches:
Dungeon (4/15)
 Temple: D:4-7

Altars:
Gozag


Innate Abilities, Weirdness & Mutations

You are a tree.
Your roots penetrate the ground, keeping you stationary.
You cannot be teleported.
You are immune to unholy pain and torment.
Your maximum health is greatly increased.
Your equipment is partially melded.
You can wield a second weapon in your off-hand.
It takes a long time for you to wield or remove held weapons.
Your first few attacks do less damage.
((You cannot equip rings or amulets.))


Message History

The ball python bites you but does no damage.
The ball python constricts you.
There are monsters nearby!
You hit the ball python with your +0 hand axe.
You kill the ball python!
The endoplasm freezes you.
You are frozen.
You hit the endoplasm with your +1 war axe.
The endoplasm is heavily wounded.
You slash the endoplasm with your +0 hand axe!
You kill the endoplasm!
You see here a ball python corpse.
Key pressed, stopping explore.
No target in view!
Key pressed, stopping explore.
No target in view!
Key pressed, stopping explore.
No target in view!
No target in view!
An ogre comes into view. It is wielding a +0 giant club.
The ogre hits you with a +0 giant club!!
Ouch! That really hurt!
An ogre is nearby!
You are too injured to fight recklessly!
You are too injured to fight recklessly!
You are too injured to fight recklessly!
You are too injured to fight recklessly!
You hit the ogre but do no damage. You hit the ogre with your +1 war axe.
You hit the ogre but do no damage.
The ogre is lightly wounded.
You slash the ogre with your +1 war axe!
The ogre hits you with a +0 giant club!!
* * * LOW HITPOINT WARNING * * *
You turn into a tree.
Your scarf of repulsion melds into your body.
Your +0 helmet melds into your body.
Your +0 chain mail melds into your body.
The haze of the repulsion field disappears.
Your roots penetrate the ground.
The ogre hits you with a +0 giant club.
You die...

...# ##.######
#...†..#
######.## #####
#...###...##
#.###.#.....###
#..
#...#...#..# #.
#...#####..# #.
#...# #♣.# .. .
##.#....O#.# .
.# .###...##.#
## .. #.### #.#
.# ..#. .## .#
#### . .# .#...
. ###.# ... #
.).###. .###.


You could see an ogre.

Vanquished Creatures
  A black bear (D:4)
  An iguana (D:4)
  An orc wizard (D:3)
  10 adders
  3 dart slugs
  2 ribbon worms
  8 orcs (D:3)
  6 endoplasms
  4 giant cockroaches
  7 goblins
  5 hobgoblins
  8 jackals
  12 kobolds
  3 quokkas
  10 ball pythons
  3 bats
  6 frilled lizards
  6 rats
96 creatures vanquished.

Notes
Turn   | Place    | Note
-------+----------+-------------------------------------------
     0 | D:1      | BigDaddyOpFi the Coglin Fighter began the quest for the
                  | Orb.
     0 | D:1      | Reached XP level 1. HP: 18/18 MP: 1/1
   327 | D:1      | Reached XP level 2. HP: 24/24 MP: 2/2
   560 | D:1      | Reached XP level 3. HP: 29/29 MP: 3/3
   959 | D:2      | Reached XP level 4. HP: 32/35 MP: 4/4
  1125 | D:2      | Found a faded altar of an unknown god.
  1292 | D:2      | Found an opulent altar of Gozag.
  1431 | D:2      | Reached XP level 5. HP: 42/42 MP: 5/5
  1839 | D:3      | Reached skill level 1 in Throwing
  1839 | D:3      | Reached skill level 1 in Dodging
  1960 | D:3      | Reached skill level 4 in Fighting
  2190 | D:4      | Noticed a black bear
  2197 | D:4      | Killed a black bear
  2198 | D:4      | Reached XP level 6. HP: 42/48 MP: 6/6
  2397 | D:4      | Slain by an ogre

Illustrated notes

Levels and vault maps discovered:
D:1:      evilmike_arrival_rings, layout_loops_ring
D:2:      layout_basic, nicolae_ecumenical_snake_handling, basic_altar,
          minmay_misc_feat_enclosed
D:3:      layout_basic
D:4:      nicolae_cairo_tiling, layout_loops_ring, elyvilon_altar_1,
          mainiacjoe_overflow_24_doors

Skill      XL: |  1  2  3  4  5 |
---------------+----------------+-----
Armour         | 3 |  3.8
Axes           | 3 |  3.5
Throwing       | 1 |  1.5
Dodging        | 1 |  1.6
Fighting       | 4 |  4.2
Shields        | |  2.6

Action                     |  1- 3 |  4- 6 || total
---------------------------+-------+-------++-------
  Melee: Hand axe          |    57 |   102 ||   159
         War axe           |    52 |   101 ||   153
    Use: Scroll            |       |     6 ||     6
         Potion            |       |     2 ||     2
 Armour: Scale mail        |    12 |       ||    12
         Chain mail        |    38 |   110 ||   148
         Skin              |       |     1 ||     1
  Dodge: Dodged            |    30 |    51 ||    81
         Repelled          |       |     5 ||     5

Table legend: (Time is in decaauts)
 A = Elapsed time spent in this place.
 B = Non-inter-level travel time spent in this place.
 C = Inter-level travel time spent in this place.
 D = Time resting spent in this place.
 E = Time spent auto-exploring this place.
 F = Levels seen in this place.
 G = Mean time per level.
                   A        B        C        D        E       F      G
               +--------+--------+--------+--------+--------+-----+--------+
         Total |   2443 |   2378 |     65 |      0 |   1787 |   4 |  610.8 |
       Dungeon |   2443 |   2378 |     65 |      0 |   1787 |   4 |  610.8 |
               +--------+--------+--------+--------+--------+-----+--------+

Top non-repeatable levels by time:
     D:1: 879 daAuts
     D:2: 764 daAuts
     D:3: 545 daAuts
     D:4: 254 daAuts
